 Dungeon Crawl Stone Soup version 0.31.0-9-g3a7656b989 (console) character file.

Game seed: 16255857265663049375

42712 Coaxmetal the Warrior (level 14, -1/123 HPs)
             Began as a Formicid Cinder Acolyte on Jan 24, 2024.
             Was a Follower of Okawaru.
             Slain by a vault guard
             ... wielding a +0 battleaxe
              (9 damage)
             ... on level 13 of the Dungeon.
             The game lasted 00:39:07 (27050 turns).

Coaxmetal the Warrior (Formicid Cinder Acolyte)    Turns: 27050, Time: 00:39:08

Health: -1/123     AC: 20    Str: 24    XL:     14   Next: 56%
Magic:  17/17      EV:  7    Int: 14    God:    Okawaru [*.....]
Gold:   822        SH: 14    Dex: 15    Spells: 15/17 levels left

rFire   . . .        a - +1 great mace (holy)
rCold   . . .        D - +3 buckler
rNeg    . . .        p - +0 plate armour
rPois   .            (helmet unavailable)
rElec   .            q - +2 cloak
rCorr   .            (no gloves)
SInv    +            O - +0 pair of boots
Will    +....        Z - amulet of reflection Stlth
                     y - ring of protection from fire
HPRegen 0.40/turn    G - +6 ring of dexterity
MPRegen 0.15/turn

%: reflection
@: fire susceptible
A: permanent stasis, dig shafts and tunnels, antennae 3, four strong arms
a: Dig, Shaft Self, Renounce Religion, Heroism


You were on level 13 of the Dungeon.
You worshipped Okawaru.
Okawaru was aware of your devotion.
You visited 3 branches of the dungeon, and saw 18 of its levels.

You collected 1167 gold pieces.
You spent 345 gold pieces at shops.

Inventory:

Hand Weapons
 a - a +1 great mace of holy wrath (weapon)
 b - a +0 shortbow
Missiles
 f - 29 poisoned darts
 r - 7 javelins
 w - 13 boomerangs
 N - 2 curare-tipped darts
Armour
 p - a +0 plate armour (worn)
 q - a +2 cloak (worn)
 D - a +3 buckler (worn)
 O - a +0 pair of boots (worn)
 R - +0 acid dragon scales
Jewellery
 j - a ring of flight
 u - a ring of wizardry
 y - a ring of protection from fire (left hand)
 C - a ring of ice
 G - a +6 ring of dexterity (right hand)
 Z - an amulet of reflection (around neck)
Talismans
 F - a granite talisman
Wands
 v - a wand of digging (19)
 B - a wand of roots (19)
 H - a wand of light (4)
 K - a wand of mindburst (4)
Scrolls
 c - 6 scrolls of revelation
 d - a scroll of silence {unknown}
 e - 7 scrolls of amnesia
 g - 3 scrolls of fog
 l - 2 scrolls of fear
 s - 2 scrolls of poison
 t - 2 scrolls of immolation
 x - 4 scrolls of enchant weapon
 A - 2 scrolls of enchant armour
 P - 2 scrolls of acquirement {unknown}
 Q - a scroll of brand weapon {unknown}
 X - 2 scrolls of vulnerability {unknown}
Potions
 h - 5 potions of curing
 i - 4 potions of brilliance
 k - a potion of invisibility
 m - 4 potions of attraction
 n - 3 potions of enlightenment
 o - 2 potions of might
 z - a potion of mutation
 E - 4 potions of lignification
 I - 9 potions of ambrosia
 U - 2 potions of haste
 Y - a potion of cancellation {unknown}


   Skills:
 - Level 15.0 Fighting
 - Level 3.0(9.5) Axes
 - Level 13.9(14.1) Maces & Flails
 + Level 5.0 Throwing
 - Level 12.0 Armour
 - Level 3.0 Stealth
 - Level 8.0 Shields
 - Level 2.0 Spellcasting
 - Level 6.0 Fire Magic
 + Level 0.0 Invocations
 - Level 2.0 Evocations


You had 15 spell levels left.
You knew the following spells:

 Your Spells              Type           Power      Damage    Failure   Level
a - Scorch                Fire           36%        2d6       34%         2

Your spell library contained the following spells:

 Spells                   Type           Power      Damage    Failure   Level
 Magic Dart               Conj           4%         1d3       95%         1
 Shock                    Conj/Air       4%         1d3       95%         1
 Cigotuvi's Dreadful Rot  Necr/Alch/Air  2%         N/A       99%         2
 Ensorcelled Hibernation  Hex/Ice        2%         N/A       99%         2
 Searing Ray              Conj           2%         2d4       99%         2
 Fugue of the Fallen      Necr           1%         N/A       100%        3
 Hailstorm                Conj/Ice       1%         3d5       100%        3
 Airstrike                Air            0%         2d(1-17)  100%        4
 Anguish                  Hex/Necr       0%         N/A       100%        4
 Flame Wave               Conj/Fire      9%         2d6       100%        4
 Fulminant Prism          Conj/Alch      0%         3d5       100%        4
 Ignite Poison            Fire/Alch      9%         N/A       100%        4
 Passage of Golubria      Tloc           1%         N/A       100%        4
 Freezing Cloud           Conj/Ice/Air   0%         6-21      100%        5
 Yara's Violent Unravell  Hex/Alch       0%         3d3       100%        5
 Blink                    Tloc           Unusable   N/A       N/A         2
 Call Imp                 Summ           Unusable   N/A       N/A         2
 Summon Ice Beast         Ice/Summ       Unusable   N/A       N/A         3
 Swiftness                Air            Unusable   N/A       N/A         3
 Tukima's Dance           Hex            Unusable   N/A       N/A         3
 Sculpt Simulacrum        Ice/Alch       Unusable   N/A       N/A         6
 Summon Cactus Giant      Summ           Unusable   N/A       N/A         6

Dungeon Overview and Level Annotations

Branches:
Dungeon (13/15)            Temple (1/1) D:6            Lair (4/5) D:10
 Shoals (0/4) Lair:2       Spider (0/4) Lair:3          Orc (0/2) D:10
  Slime: Lair:4-5    Vaults: D:13-14

Altars:
Ashenzari
Cheibriados
Dithmenos
Elyvilon
Fedhas
Gozag
Hepliaklqana
Kikubaaqudgha
Makhleb
Nemelex Xobeh
Okawaru
Qazlal
Ru
Sif Muna
Trog
Uskayaw
Vehumet
Wu Jian
Xom
Yredelemnul
Zin
The Shining One

Shops:
D:1 *   D:8 *

Annotations:
D:3 3 runed translucent doors, exclusion: 3 doors, SnakkuSnakku7's ghost, amateur DjHu


Innate Abilities, Weirdness & Mutations

You cannot be hasted, slowed, berserked, paralysed or teleported.
You can dig through walls and to a lower floor.
You have a pair of large antennae on your head. (SInv)
Your four strong arms can wield two-handed weapons with a shield.


Message History

Okawaru accepts your kill.
Your Throwing skill increases to level 5!
You feel much better. You block the vault guard's attack.
Okay, then.
You fail to use your ability.
You block the vault guard's attack.
You gain the combat prowess of a mighty hero.
The vault guard hits you with a +0 battleaxe.
You hit the vault guard.
The vault guard is lightly wounded.
The vault guard hits you but does no damage.
You closely miss the vault guard.
The vault guard is lightly wounded.
The vault guard hits you with a +0 battleaxe!
* * * LOW HITPOINT WARNING * * *
You barely miss the vault guard.
The vault guard is lightly wounded.
The vault guard hits you but does no damage.
You closely miss the vault guard.
The vault guard is lightly wounded.
You closely miss the vault guard.
The vault guard is lightly wounded.
The vault guard hits you with a +0 battleaxe!
* * * LOW HITPOINT WARNING * * *
Okay, then.
You are confused.
You feel invigorated.
The vault guard hits you but does no damage.
You closely miss the vault guard.
The vault guard hits you but does no damage.
You bump into the rock wall.
The vault guard closely misses you.
You're too confused to move!
The vault guard hits you with a +0 battleaxe!
* * * LOW HITPOINT WARNING * * *
You hit the vault guard but do no damage.
The vault guard hits you with a +0 battleaxe!
* * * LOW HITPOINT WARNING * * *
You bump into the rock wall.
You feel less invigorated.
You feel less confused.
You feel like a meek peon again.
The vault guard hits you with a +0 battleaxe!
You die...

#.#.###..# #.....#......#......
.#### ##.# #....#..#####.#.#...
.# ###.#####.....#. #.###... ##
#.............### #..#.... .#
##..........##..# ###.....
#######...........#..#####..#....
...#.###..{........#..{p...#.####
###.#.#.#....#.{{##.###{{'##
#...........#{{#### '{{.§§#
#.##.......####p# #...#§#
##.##.#.....##@## +...+~#
###(..#.#.##### #pp.#§#
#....#.#.## +...§p# #####.#.##
#...#.# ##### +...+.# {


You could see a vault guard.

Vanquished Creatures
  Gastronok (D:10)
  3 vault guards (D:13)
  A hydra (Lair:4)
  2 centaur warriors (D:13)
  2 two-headed ogres
  A death yak (Lair:4)
  Urug (D:11)
  A skyshark (Lair:2)
  An orb spider (Lair:3)
  A deep elf pyromancer (D:13)
  2 oklob plants
  An ugly thing (D:13)
  2 cyclopes (D:11)
  5 elephants
  A merfolk siren (Lair:2)
  6 black mambas
  5 rime drakes
  5 cane toads
  11 komodo dragons
  A kobold demonologist (D:11)
  A troll (D:11)
  A queen bee (D:9)
  3 polar bears
  2 hornets
  8 blink frogs
  3 slime creatures (D:12)
  4 shadows
  4 wraiths
  50 yaks
  A vampire (D:12)
  4 steam dragons
  3 vampire mosquitoes (D:13)
  5 wyverns
  3 fire elementals (D:13)
  6 basilisks
  Edmund (D:6)
  An acid dragon (D:12)
  11 water moccasins
  4 ice beasts
  An orc warrior (D:6)
  22 wolves
  8 centaurs
  2 phantoms
  3 kobold brigands
  11 bullfrogs
  A gnoll sergeant (D:10)
  2 scorpions
  4 wights
  28 killer bees
  A vampire bat (Lair:2)
  4 electric eels
  4 howler monkeys
  3 bombardier beetles
  A hound (D:6)
  5 orc priests
  A gnoll bouda (D:5)
  18 iguanas
  Ijyb (D:5)
  Natasha (twice) (D:2)
  7 orc wizards
  21 gnolls
  4 adders
  3 white imps (D:6)
  4 ufetubi
  2 dart slugs
  2 ribbon worms
  24 orcs
  11 bats
  10 endoplasms
  5 giant cockroaches
  9 goblins
  4 hobgoblins
  5 quokkas
  9 ball pythons
  23 frilled lizards
  38 kobolds
  6 rats
477 creatures vanquished.

Vanquished Creatures (others)
  A vault guard (D:13)
  A frilled lizard (Lair:1)
2 creatures vanquished.

Grand Total: 479 creatures vanquished

Notes
Turn   | Place    | Note
-------+----------+-------------------------------------------
     0 | D:1      | Coaxmetal the Formicid Cinder Acolyte began the quest for
                  | the Orb.
     0 | D:1      | Reached XP level 1. HP: 18/18 MP: 2/2
   236 | D:1      | Reached XP level 2. HP: 9/24 MP: 2/4
   239 | D:1      | Learned a level 2 spell: Scorch
   442 | D:1      | Found Tasunaz's General Store.
   888 | D:2      | Reached XP level 3. HP: 25/29 MP: 2/6
  1255 | D:2      | You fall into a shaft and drop 2 floors!
  1520 | D:3      | Reached XP level 4. HP: 32/35 MP: 0/7
  1824 | D:3      | Found an ornate altar of the Wu Jian Council.
  2116 | D:3      | Found an ancient bone altar of Kikubaaqudgha.
  2121 | D:3      | Reached skill level 5 in Fire Magic
  2121 | D:3      | Reached XP level 5. HP: 39/41 MP: 1/8
  2330 | D:3      | Found a runed translucent gate.
  2330 | D:3      | Found a runed translucent gate.
  2331 | D:3      | Found a runed translucent gate.
  2336 | D:3      | Noticed SnakkuSnakku7's ghost (amateur DjHu)
  2935 | D:2      | Noticed Natasha
  2953 | D:2      | Killed Natasha
  3429 | D:2      | Reached XP level 6. HP: 23/47 MP: 0/9
  3520 | D:2      | Noticed Natasha
  3523 | D:2      | Killed Natasha
  3524 | D:2      | Reached skill level 1 in Stealth
  4743 | D:4      | Found a shadowy altar of Dithmenos.
  4745 | D:4      | Found a bloodstained altar of Trog.
  4748 | D:4      | Found a radiant altar of Vehumet.
  4748 | D:4      | Found a hazy altar of Hepliaklqana.
  4749 | D:4      | Found a burning altar of Makhleb.
  4749 | D:4      | Found an iron altar of Okawaru.
  4753 | D:4      | Found a sacrificial altar of Ru.
  5165 | D:4      | Reached skill level 4 in Fighting
  5165 | D:4      | Reached XP level 7. HP: 46/55 MP: 10/10
  5379 | D:5      | Entered Level 5 of the Dungeon
  5469 | D:5      | Reached skill level 5 in Fighting
  5599 | D:5      | Noticed a wyvern
  5617 | D:5      | Killed a wyvern
  5618 | D:5      | Reached skill level 6 in Fighting
  5917 | D:5      | Reached XP level 8. HP: 51/65 MP: 1/11
  6053 | D:5      | Reached skill level 7 in Fighting
  6800 | D:5      | Reached skill level 8 in Fighting
  6890 | D:5      | Noticed Ijyb
  6899 | D:5      | Killed Ijyb
  6900 | D:5      | Reached skill level 1 in Armour
  7468 | D:5      | Reached skill level 1 in Shields
  8076 | D:6      | Noticed Edmund
  8092 | D:6      | Killed Edmund
  8093 | D:6      | Reached skill level 5 in Shields
  8093 | D:6      | Reached XP level 9. HP: 51/74 MP: 2/12
  8206 | D:6      | Found a staircase to the Ecumenical Temple.
  8222 | D:6      | Found a basalt altar of Yredelemnul.
  8325 | D:6      | Reached skill level 1 in Evocations
  8454 | D:6      | Noticed a hornet
  8463 | D:6      | Killed a hornet
  8912 | D:7      | Reached skill level 9 in Fighting
  9504 | D:7      | Reached skill level 10 in Fighting
 10286 | D:8      | Reached skill level 1 in Maces & Flails
 10286 | D:8      | Reached XP level 10. HP: 85/85 MP: 12/13
 11130 | D:8      | Found Zeuthroe's Assorted Antiques.
 11136 | D:8      | Bought a silvery potion for 26 gold pieces
 11136 | D:8      | Bought a scroll labelled LIMUFYJ VUAXUVUA for 29 gold
                  | pieces
 11136 | D:8      | Bought a scroll labelled ILLOEZ ICIY for 29 gold pieces
 11136 | D:8      | Bought a scroll labelled UMISTR MIDUN for 29 gold pieces
 11136 | D:8      | Bought a bloodstained falchion for 232 gold pieces
 11136 | D:8      | Identified the +4 falchion of Voust {flame, rF+ Str+4 Int+3
                  | Stlth-} (You bought it in a shop on level 8 of the Dungeon)
 11848 | D:9      | Noticed a two-headed ogre
 11856 | D:9      | Killed a two-headed ogre
 12232 | D:9      | Found a flagged portal.
 12432 | D:9      | Reached XP level 11. HP: 63/90 MP: 14/14
 13128 | D:9      | Reached skill level 10 in Maces & Flails
 14046 | D:10     | Entered Level 10 of the Dungeon
 14277 | D:10     | Found a blossoming altar of Fedhas.
 14478 | D:10     | Noticed Gastronok
 14506 | D:10     | Killed Gastronok
 14755 | D:10     | HP: 3/86 [basilisk (10)]
 15623 | D:10     | Found a staircase to the Orcish Mines.
 15721 | D:10     | Found a staircase to the Lair.
 15759 | D:10     | Noticed an elephant
 15776 | D:10     | Killed an elephant
 15777 | D:10     | Reached XP level 12. HP: 48/97 MP: 15/15
 16658 | D:11     | Noticed Urug
 16669 | D:11     | Killed Urug
 16670 | D:11     | Reached skill level 5 in Armour
 17305 | Lair:1   | Entered Level 1 of the Lair of Beasts
 18283 | Lair:1   | Reached XP level 13. HP: 40/104 MP: 16/16
 19183 | Lair:2   | Reached skill level 11 in Fighting
 19812 | Lair:2   | Reached skill level 10 in Armour
 20295 | Lair:2   | Found a staircase to the Shoals.
 20427 | Lair:2   | Reached skill level 12 in Fighting
 21344 | Lair:3   | Found a hole to the Spider Nest.
 23171 | Lair:4   | Reached skill level 13 in Fighting
 23435 | Lair:4   | Reached XP level 14. HP: 50/118 MP: 17/17
 23723 | Lair:4   | Reached skill level 14 in Fighting
 25448 | D:12     | Identified the blade talisman of Objectivity {Str+5}
 26029 | D:13     | Reached skill level 15 in Fighting
 26162 | Temple   | Entered the Ecumenical Temple
 26218 | D:4      | Fell from the grace of Ignis
 26218 | D:4      | Became a worshipper of Warmaster Okawaru
 26403 | D:13     | Reached skill level 1 in Throwing
 27019 | D:13     | Reached * piety under Okawaru
 27037 | D:13     | Reached skill level 5 in Throwing
 27049 | D:13     | HP: 4/123 [vault guard/+0 battleaxe (16)]
 27050 | D:13     | Slain by a vault guard

Illustrated notes

Levels and vault maps discovered:
D:1:      scummos_arrival_star, layout_basic, serial_shops, nicolae_diamond_shop
D:2:      layout_loops_corners, uniq_natasha
D:3:      layout_basic, kiku_gazebo_pond_becter, mainiacjoe_overflow_24_doors,
          ebering_ghost_rock_garden
D:4:      layout_layer_cave, grunt_temple_overflow_open
D:5:      layout_basic, uniq_ijyb
D:6:      layout_rooms, mainiacjoe_overflow_concentric_impassable,
          minmay_temple_entry_ruins, uniq_edmund
D:7:      kennysheep_kobold_camp, layout_basic, hangedman_decor_points
D:8:      layout_loops_ring, serial_shops, nicolae_shop_peninsula
D:9:      layout_basic, enter_bailey_2, special_room [special_room_bee]
D:10:     layout_small_grid, mainiacjoe_overflow_chevrons, david_lair_generic,
          orc_0_dummy, uniq_gastronok
D:11:     layout_long_grid, uniq_urug
D:12:     layout_stronghold
D:13:     layout_big_octagon, ximxim_vaults_locker_room, kennysheep_small_square
Temple:   bh_familiar_temple
Lair:1:   lemuel_reptile_caves, layout_long_grid, serial_forest,
          infiniplex_forest_lined_4_way, infiniplex_forest_clump_large,
          infiniplex_forest_end_1, infiniplex_forest_clump_diagonal,
          infiniplex_forest_end_2, infiniplex_forest_straight_1,
          infiniplex_forest_clump_tiny
Lair:2:   layout_chaotic_city, minmay_shoals_entry_lonely_mermaid,
          enter_volcano_1, roderic_batcave, cheibrodos_lair_reptile_den,
          serial_bayou_shore_a
Lair:3:   layout_regular_city, nicolae_spider_entry_orb_guardian,
          portal_ice_cave_rime, columned_hall_lemuel, hibernation_bobbens
Lair:4:   layout_regular_city, serial_bayou_pond_b, lemuel_fruit_tree

Skill      XL: |  1  2  3  4  5  6  7  8  9 10 11 12 13 14 |
---------------+-------------------------------------------+-----
Spellcasting   | 2 |  2.0
Fire Magic     | 4 5 6 |  6.0
Stealth        | 3 |  3.0
Fighting       | 4 6 8 10 13 15 | 15.0
Armour         | 4 8 11 12 | 12.0
Shields        | 5 8 |  8.0
Evocations     | 2 |  2.0
Maces & Flails | 1 8 12 13 | 13.9
Throwing       | 5 |  5.0
Axes           | |  3.0

Action                     |  1- 3 |  4- 6 |  7- 9 | 10-12 | 13-15 || total
---------------------------+-------+-------+-------+-------+-------++-------
  Melee: Hand axe          |    51 |       |       |       |       ||    51
         Dagger            |     5 |    34 |    77 |   212 |       ||   328
         Short sword       |       |       |       |    71 |       ||    71
         Dire flail        |       |       |       |    97 |    27 ||   124
         Giant spiked club |       |       |       |    86 |   152 ||   238
         Giant club        |       |       |       |    72 |       ||    72
         Great mace        |       |       |       |       |   416 ||   416
         Punch             |       |       |       |       |     1 ||     1
   Fire: Sling             |       |    15 |    41 |       |       ||    56
         Shortbow          |       |       |    61 |    20 |    22 ||   103
  Throw: Stone             |       |       |       |     5 |       ||     5
         Dart              |       |       |       |       |     1 ||     1
   Cast: Scorch            |    29 |    64 |   183 |   202 |       ||   478
 Invoke: Fiery Armour      |       |       |     1 |     8 |     2 ||    11
         Heroism           |       |       |       |       |     1 ||     1
Ability: Shaft Self        |     1 |       |       |       |       ||     1
         Dig               |       |       |       |    18 |    13 ||    31
  Evoke: Wand              |       |       |       |       |     2 ||     2
    Use: Scroll            |     1 |     1 |       |    15 |     6 ||    23
         Potion            |       |       |       |     7 |     2 ||     9
   Stab: Sleeping          |       |       |       |     2 |       ||     2
         Distracted        |       |       |       |     1 |       ||     1
 Armour: Robe              |    30 |    11 |       |       |       ||    41
         Leather armour    |       |    30 |   164 |   299 |       ||   493
         Plate armour      |       |       |       |   141 |   515 ||   656
  Dodge: Dodged            |    44 |    28 |   109 |   222 |   146 ||   549
  Block: Buckler           |       |       |    55 |   233 |   302 ||   590
         Reflection        |       |       |       |       |     6 ||     6
